 Dungeon Crawl Stone Soup version 0.21.1-1-g345015f (webtiles) character file.

60 Monsterracer the Ruffian (level 4, -4/31 HPs)
             Began as an Octopode Fighter on Mar 21, 2018.
             Slain by a shadow imp (5 damage)
             ... summoned by Natasha
             ... on level 2 of the Dungeon.
             The game lasted 00:02:29 (1274 turns).

Monsterracer the Ruffian (Octopode Fighter)         Turns: 1274, Time: 00:02:30

Health: -4/31      AC:  1    Str: 15    XL:     4   Next: 6%
Magic:  4/4        EV: 11    Int: 11    God:
Gold:   36         SH:  8    Dex: 11    Spells: 3/3 levels left

rFire    . . .     SeeInvis .     - Unarmed
rCold    . . .     Gourm    .   a - +0 shield
rNeg     . . .     Faith    .   (helmet restricted)
rPois    .         Spirit   .   (no amulet)
rElec    .         Reflect  .   h - ring of wizardry
rCorr    .         Harm     .   (no ring)
MR       .....                  (no ring)
Stlth    ++........             (no ring)
HPRegen  0.10/turn              (no ring)
MPRegen  0.09/turn              (no ring)
                                (no ring)
                                (no ring)

@: slowed, very slow
A: almost no armour, stealthy swim, amphibious, 8 rings, constrict 8, camouflage
1, gelatinous body 1
a: no special abilities


You were on level 2 of the Dungeon.
You were not hungry.

You visited 1 branch of the dungeon, and saw 2 of its levels.

You collected 36 gold pieces.

Inventory:

Armour
 a - a +0 shield (worn)
Jewellery
 h - a ring of wizardry (left tentacle)
Scrolls
 e - a scroll of noise {unknown}
 f - a scroll of enchant armour {unknown}
 g - a scroll of fog {unknown}
 j - a scroll of blinking {unknown}
 k - a scroll of teleportation {unknown}
 n - a scroll of amnesia {unknown}
Potions
 b - a potion of might
 d - 2 potions of heal wounds {unknown}
 i - 2 potions of flight {unknown}
 l - a potion of agility {unknown}
Comestibles
 c - 2 rations


   Skills:
 - Level 3.0 Fighting
 - Level 3.0 Dodging
 - Level 3.0 Shields
 + Level 4.2 Unarmed Combat


You had 3 spell levels left.
You didn't know any spells.

Dungeon Overview and Level Annotations

Branches:
Dungeon (1/15)

Altars:

Annotations:
D:2 Natasha, Robin


Innate Abilities, Weirdness & Mutations

You cannot wear most types of armour.
You are very stealthy in the water. (Stealth+)
You are amphibious.
You can wear up to eight rings at the same time.
You can use your tentacles to constrict eight enemies at once.
Your skin changes colour to match your surroundings (Stealth+).
Your rubbery body absorbs attacks. (AC +1, EV +1)


Message History

Press: ? - help, . - travel You can't see that place. [the floor.]
The goblin shoots a stone.
The stone misses you.
You see here a stone.
The goblin shoots a stone.
The stone hits you.
You take 2 damage, and have 17/26 hp.
The goblin shoots a stone.
The stone hits you but does no damage.
You see here a stone.
The goblin shoots a stone.
The stone hits you.
* * * LOW HITPOINT WARNING * * *
You see here a stone.
You take 6 damage, and have 11/26 hp.
MASSIVE DAMAGE!!
You tentacle-slap the goblin. Your grab misses the goblin.
Your squeeze misses the goblin.
The goblin is moderately wounded.
The goblin unwields an uncursed hunting sling.
The goblin hits you.
* * * LOW HITPOINT WARNING * * *
You take 2 damage, and have 9/26 hp.
You closely miss the goblin. Your grab misses the goblin.
The goblin is moderately wounded.
The goblin hits you.
* * * LOW HITPOINT WARNING * * *
You take 4 damage, and have 5/26 hp.
You barely miss the goblin. Your grab misses the goblin.
The goblin is moderately wounded.
The goblin closely misses you.
Unknown command.
You tentacle-slap the goblin.
You kill the goblin!
Things that are here:
an uncursed hunting sling; 18 stones Key pressed, stopping explore.
Key pressed, stopping explore.
You are feeling hungry.
You regained 12 hp, and now have 17/26 hp.
l - a pink potion Health restored: 26 A hobgoblin comes into view.
It is wielding a club.
Natasha, Servant of Life and Death comes into view.
The hobgoblin shouts!
Natasha hisses angrily.
The hobgoblin barely misses you.
Natasha wildly gestures.
You feel troubled.
You tentacle-slap the hobgoblin. Your grab misses the hobgoblin.
The hobgoblin is moderately wounded.
You block the hobgoblin's attack.
You tentacle-slap the hobgoblin but do no damage.
You grab the hobgoblin.
The hobgoblin is moderately wounded.
You constrict the hobgoblin. The hobgoblin hits you with a club.
Natasha casts a spell.
You take 1 damage, and have 25/26 hp.
You tentacle-slap the hobgoblin.
You kill the hobgoblin!
Natasha wildly gestures.
Natasha glows brightly for a moment.
Natasha zaps a wand.
The puff of flame hits you!
It is a wand of flame (5).
You take 7 damage, and have 18/26 hp.
MASSIVE DAMAGE!!
Natasha closely misses you.
You closely miss Natasha. Your grab misses Natasha. You squeeze Natasha!
Natasha is severely wounded.
Natasha closely misses you. The iron imp closely misses you.
You tentacle-slap Natasha.
You kill Natasha!
Natasha yowls pathetically as she dies!
The iron imp disappears in a puff of smoke!
Your Unarmed Combat skill increases to level 4!
You have reached level 4!
You regained 4 hp, and now have 22/31 hp.
MP restored: 4 You see here the felid corpse of Natasha.
You butcher the felid corpse of Natasha.
m - a chunk of flesh You are feeling very hungry.
n - a scroll labeled SOT ZUGIKLEUJ You now have 36 gold pieces (gained 20).
Things that are here:
a club; a hunting sling; 12 stones There isn't anything to butcher here.
Eating a chunk of flesh.
You eat the chunk of flesh.
This raw flesh tastes terrible.
Natasha, Servant of Life and Death comes into view.
Natasha is nearby!
You start resting.
You start resting.
Natasha stares at you and mumbles some strange words.
You feel yourself slow down.
Natasha mumbles some strange words.
You block Natasha's attack.
Natasha mumbles some strange words.
You completely miss Natasha. Your grab misses Natasha. You squeeze Natasha.
Natasha is moderately wounded.
Natasha zaps a wand.
The puff of flame hits you!
* * * LOW HITPOINT WARNING * * *
It is a wand of flame (4).
The iron imp hits you!
* * * LOW HITPOINT WARNING * * *
The shadow imp hits you.
You die...

#.#+#####
#.......# .#
#.......# .#
#......#..#
#...)..#..###
######............
........##........
..#####..#55......
.'.......@h......
.######.#####....
#.# .... #.## ...
#..# .# . ##.# ..#
.. #.# ..# ... #.#
..# .g.. #.##
#+#.# .gg..


You could see an iron imp, Natasha and a shadow imp.

Vanquished Creatures
  Natasha (D:2)
  An adder (D:2)
  A ball python (D:1)
  2 giant cockroaches (D:1)
  7 goblins
  3 hobgoblins
  2 jackals (D:1)
  2 bats (D:1)
  2 frilled lizards (D:1)
  2 kobolds (D:1)
  3 rats (D:1)
26 creatures vanquished.

Notes
Turn   | Place    | Note
-------+----------+-------------------------------------------
     0 | D:1      | Monsterracer the Octopode Fighter began the quest for the Orb.
     0 | D:1      | Reached XP level 1. HP: 16/16 MP: 1/1
   242 | D:1      | Reached XP level 2. HP: 21/21 MP: 2/2
   314 | D:1      | Reached skill level 3 in Unarmed Combat
   785 | D:1      | You fall through a shaft!
   792 | D:2      | Reached XP level 3. HP: 20/26 MP: 3/3
   914 | D:2      | Noticed Robin
   937 | D:2      | HP: 11/26 [goblin/stone[Robin] (6)]
   941 | D:2      | HP: 5/26 [goblin[Robin] (4)]
  1246 | D:2      | Noticed Natasha
  1253 | D:2      | Killed Natasha
  1253 | D:2      | Reached skill level 4 in Unarmed Combat
  1253 | D:2      | Reached XP level 4. HP: 22/31 MP: 4/4
  1266 | D:2      | Noticed Natasha
  1274 | D:2      | HP: 11/31 [Natasha/wand of flame (5) (13)]
  1274 | D:2      | HP: 1/31 [iron imp[Natasha] (10)]
  1274 | D:2      | Slain by a shadow imp

Skill      XL: |  1  2  3 |
---------------+----------+-----
Unarmed Combat | 3 4 |  4.2
Fighting       | |  3.0
Dodging        | |  3.0
Shields        | |  3.0

Action                   |  1- 3 |  4- 6 || total
-------------------------+-------+-------++-------
Melee: Unarmed           |    54 |     1 ||    55
       Constrict         |    16 |       ||    16
       Tentacles         |    13 |     1 ||    14
 Stab: Sleeping          |     3 |       ||     3
       Distracted        |     1 |       ||     1
  Eat: Chunk             |       |     1 ||     1
Armor: Skin              |     3 |       ||     3
Dodge: Dodged            |    16 |       ||    16
Block: Shield            |    19 |     1 ||    20

Vault maps used:
D:1:      dpeg_chamrin_arrival_tetris, minmay_vboxes
D:2:      uniq_robin, uniq_natasha
